 Dungeon Crawl Stone Soup version 0.19.0-19-g8c6edcc (webtiles) character file.

59 SimpleGeometry the Skirmisher (level 3, -11/30 HPs)
             Began as a Demonspawn Wanderer on Nov 15, 2016.
             Mangled by Crazy Yiuf
             ... wielding a +2 quarterstaff of chaos
              (15 damage)
             ... on level 2 of the Dungeon.
             The game lasted 00:04:11 (2371 turns).

SimpleGeometry the Skirmisher (Demonspawn Wanderer) Turns: 2371, Time: 00:04:14

Health: -11/30     AC:  6    Str: 14    XL:     3   Next: 78%
Magic:  3/3        EV: 10    Int: 13    God:
Gold:   100        SH:  0    Dex: 11    Spells: 0 memorised, 2 levels left

rFire  + + .     SeeInvis .     a - +2 short sword
rCold  . . .     Gourm    .     i - +2 leather armour {rF+}
rNeg   . . .     Faith    .     (no shield)
rPois  .         Spirit   .     (no helmet)
rElec  .         Reflect  .     u - +0 cloak (curse)
rCorr  .         Harm     .     (no gloves)
MR     .....                    (no boots)
Stlth  +.........               (no amulet)
                                (no ring)
                                (no ring)

@: hasted, very quick
A: talons 1, fire resistance 1
a: no special abilities


You were on level 2 of the Dungeon.
You were hungry.

You visited 1 branch of the dungeon, and saw 2 of its levels.

You collected 100 gold pieces.

Inventory:

Hand Weapons
 a - a +2 short sword (weapon)
 b - a +0 quarterstaff
 e - a +0 dagger
Missiles
 w - 4 javelins (quivered)
Armour
 d - a +0 robe
 i - a +2 leather armour of fire resistance (worn)
 u - a cursed +0 cloak (worn)
Wands
 r - a wand of polymorph (6/24)
Scrolls
 c - 3 scrolls of teleportation
 j - a scroll of magic mapping
 l - a scroll of identify
 o - a scroll of immolation {unknown}
Potions
 m - a potion of degeneration {unknown}
 n - a potion of haste
 p - a potion of lignification {unknown}
 q - a potion of resistance {unknown}
 t - a potion of cure mutation {unknown}
 v - a potion of brilliance {unknown}
Comestibles
 f - a bread ration
 h - a royal jelly
 k - 2 meat rations


   Skills:
 + Level 4.2 Fighting
 - Level 1.0 Short Blades
   Level 1.0 Maces & Flails
 + Level 2.6 Armour
 - Level 1.7 Stealth
   Level 1.0 Shields


You had 2 spell levels left.
You didn't know any spells.

Dungeon Overview and Level Annotations

Branches:
Dungeon (2/15)

Altars:

Annotations:
D:2 Crazy Yiuf


Innate Abilities, Weirdness & Mutations

You have sharp toenails.
Your flesh is heat resistant. (rF+)


Message History

Crazy Yiuf closely misses you.
You bump into the tree.
You feel less invigorated.
You feel less confused.
You feel sick.
Crazy Yiuf hits you with a quarterstaff of chaos!
Crazy Yiuf freezes you.
You hit Crazy Yiuf but do no damage.
Crazy Yiuf is severely wounded.
You feel sick. Crazy Yiuf closely misses you.
You feel better.
Crazy Yiuf cries, "You leg down broken song, no?"
Crazy Yiuf hits you with a quarterstaff of chaos.
Crazy Yiuf freezes you.
It was a potion of haste.
You feel yourself speed up.
Crazy Yiuf twirls on the spot.
Crazy Yiuf hits you with a quarterstaff of chaos!
* * * LOW HITPOINT WARNING * * *
You convulse!
Ouch! That really hurt!
You die...

#.#####..# #.# #..# ### ####
##### #<..# ####### #.####♣♣
*#### #.....# ##.#.#..♣♣ ♣♣#..)#
#####.# ##.....)..♣♣♣♣g'...#
#####.### #...#......♣.@♣#...#
#........ #..#.##...♣.♣♣♣*####
#.###.### #.#.####♣♣♣♣♣ #.# #.# #
#.### #.###.# # #.#### #########
#.##..# # ####.##.## ##....>..##
#.#..## #
....)....####.........###....## #
......................'.......###
.###.....####.........###........


You could see Crazy Yiuf.

Vanquished Creatures
  An adder (D:2)
  A worm (D:2)
  A dart slug (D:1)
  5 bats
  7 goblins
  7 hobgoblins
  7 jackals (D:1)
  A ball python (D:2)
  A frilled lizard (D:1)
  2 kobolds (D:1)
  8 rats
41 creatures vanquished.

Notes
Turn   | Place    | Note
-------+----------+-------------------------------------------
     0 | D:1      | SimpleGeometry the Demonspawn Wanderer began the quest for the Orb.
     0 | D:1      | SimpleGeometry set off with: a +2 short sword, a +0 quarterstaff, a scroll of teleportation, a +0 robe, a +0 dagger, a bread ration
     0 | D:1      | Reached XP level 1. HP: 18/18 MP: 1/1
   151 | D:1      | Gained mutation: Your flesh is heat resistant. (rF+) [demonic ancestry]
   151 | D:1      | Reached XP level 2. HP: 18/24 MP: 2/2
   496 | D:1      | Reached skill level 4 in Fighting
   664 | D:1      | Gained mutation: You have sharp toenails. [demonic ancestry]
   664 | D:1      | Reached XP level 3. HP: 19/30 MP: 3/3
   976 | D:2      | Found a runed door.
   980 | D:2      | Noticed Crazy Yiuf
  2371 | D:2      | Mangled by Crazy Yiuf

Skill      XL: |  1  2 |
---------------+-------+-----
Armour         | 2 |  2.6
Fighting       | 4 |  4.2
Short Blades   | |  1.0
Maces & Flails | |  1.0
Stealth        | |  1.7
Shields        | |  1.0

Action                   || total
-------------------------++-------
Melee: Short sword       ||   159
       Kick              ||    19
  Use: Potion            ||     4
       Scroll            ||     2
 Stab: Sleeping          ||     1
  Eat: Chunk             ||     4
Armor: Leather armour    ||    49
Dodge: Dodged            ||    94
